 Dungeon Crawl Stone Soup version 0.25.1-2-g60ff931df9 (webtiles) character file.

Game seed: 14129691978011431181

33 demenzo the Skirmisher (level 3, -5/40 HPs)
             Began as an Ogre Berserker on Oct 21, 2020.
             Was a Follower of Trog.
             Slain by a gnoll
             ... wielding a +0 spear
              (13 damage)
             ... on level 1 of the Dungeon.
             The game lasted 00:01:40 (1329 turns).

demenzo the Skirmisher (Ogre Berserker)             Turns: 1329, Time: 00:01:40

Health: -5/40      AC:  3    Str: 21    XL:     3   Next: 29%
Magic:  0/3        EV: 10    Int:  8    God:    Trog [*.....]
Gold:   51         SH:  0    Dex:  9    Spells: 2/2 levels left

rFire    . . .     SeeInvis .   a - +0 mace
rCold    . . .     Gourm    .   (no shield)
rNeg     . . .     Faith    .   b - +0 animal skin
rPois    .         Spirit   .   (helmet restricted)
rElec    .         Reflect  .   (no cloak)
rCorr    .         Harm     .   (gloves unavailable)
MR       .....                  (boots unavailable)
Stlth    +.........             (no amulet)
HPRegen  0.13/turn              (no ring)
MPRegen  0.08/turn              (no ring)

@: no status effects
A: large, unfitting armour, tough skin 1
a: Berserk, Renounce Religion


You were on level 1 of the Dungeon.
You worshipped Trog.
Trog was aware of your devotion.
You were not hungry.

You visited 1 branch of the dungeon, and saw 2 of its levels.

You collected 51 gold pieces.

Inventory:

Hand Weapons
 a - a +0 mace (weapon)
Missiles
 e - 59 stones (quivered)
 i - 52 sling bullets
Armour
 b - a +0 animal skin (worn)
Jewellery
 g - an uncursed ring of resist corrosion {unknown}
 h - a cursed ring of teleportation {unknown}
 o - a +6 ring of dexterity {unknown}
Scrolls
 d - a scroll of magic mapping {unknown}
 f - 2 scrolls of identify {unknown}
 k - 2 scrolls of teleportation {unknown}
Potions
 j - a potion of resistance {unknown}
 l - a potion of brilliance {unknown}
 n - a potion of mutation {unknown}
Comestibles
 c - a ration


   Skills:
 + Level 4.6 Fighting
 * Level 3.5 Maces & Flails
 - Level 2.6 Dodging


You had 2 spell levels left.
You didn't know any spells.
Your spell library was empty.

Dungeon Overview and Level Annotations

Branches:
Dungeon (2/15)

Altars:


Innate Abilities, Weirdness & Mutations

You are too large for most types of armour.
You have tough skin. (AC +1)


Message History

The gnoll hits you from afar with a +2 antimagic halberd!
You feel your power leaking away. The gnoll closely misses you.
You climb upwards.
There is a stone staircase leading down here.
You are too injured to fight recklessly!
You are too injured to fight recklessly!
You are too injured to fight recklessly!
You are too injured to fight recklessly!
You sock the gnoll!
The gnoll is heavily wounded.
The gnoll hits you with a +0 spear!
* * * LOW HITPOINT WARNING * * *
You barely miss the gnoll.
The gnoll is heavily wounded.
The gnoll barely misses you.
You barely miss the gnoll.
The gnoll is heavily wounded.
The gnoll hits you with a +0 spear!
You die...

#.............###.#...####....
#.####........# #.###.####....
#.............# #.##....######
#.....#####...# #.##.....#####
#.............###.##..........
#.....######.......####.......
#..................# #.......
#.....##...........#####.####.
#.....##....g@................
###.######...............####.
#.................>##### ##
#############.#......)..#
#......# #.+.........#
#......########.........#
#.......................#
#.............#.......).###
#.............#...........#


You could see a gnoll.

Vanquished Creatures
  A worm (D:2)
  A dart slug (D:1)
  A leopard gecko (D:1)
  A giant cockroach (D:1)
  3 goblins (D:1)
  5 hobgoblins (D:1)
  3 jackals (D:1)
  A kobold (D:1)
  2 bats (D:1)
  2 frilled lizards (D:1)
  6 rats (D:1)
26 creatures vanquished.

Notes
Turn   | Place    | Note
-------+----------+-------------------------------------------
     0 | D:1      | demenzo the Ogre Berserker began the quest for the Orb.
     0 | D:1      | Reached XP level 1. HP: 24/24 MP: 1/1
   137 | D:1      | Reached XP level 2. HP: 16/32 MP: 2/2
   402 | D:1      | Reached XP level 3. HP: 22/40 MP: 3/3
   673 | D:1      | Reached ** piety under Trog
  1329 | D:1      | Slain by a gnoll

Illustrated notes

Levels and vault maps discovered:
D:1:      lordsloth_arrival_two_stooges, layout_basic
D:2:      layout_loops_corners

Skill      XL: |  1 |
---------------+----+-----
Maces & Flails | 3 |  3.5
Fighting       | |  4.6
Dodging        | |  2.6

Action                   || total
-------------------------++-------
Melee: Mace              ||    86
  Eat: Chunk             ||     1
Armor: Animal skin       ||    24
Dodge: Dodged            ||    71
